 Dungeon Crawl Stone Soup version 0.24-a0-464-g6b2be6b8c7 (webtiles) character file.

Game seed: 8332555704752117193

105 Bikalo the Ruffian (level 4, -4/39 HPs)
             Began as a Naga Transmuter on July 3, 2019.
             Slain by a gnoll
             ... wielding a +0 spear
              (11 damage)
             ... on level 3 of the Dungeon on July 4, 2019.
             The game lasted 00:06:15 (2384 turns).

Bikalo the Ruffian (Naga Transmuter)                Turns: 2384, Time: 00:06:16

Health: -4/39      AC:  2    Str: 12    XL:     4   Next: 81%
Magic:  7/7        EV: 10    Int: 15    God:
Gold:   87         SH:  0    Dex: 11    Spells: 4/7 levels left

rFire    . . .     SeeInvis +   c - +1 dagger (venom)
rCold    . . .     Gourm    .   (no shield)
rNeg     . . .     Faith    .   b - +0 robe
rPois    +         Spirit   .   (no helmet)
rElec    .         Reflect  .   (no cloak)
rCorr    .         Harm     .   (no gloves)
MR       .....                  (no barding)
Stlth    +.........             (no amulet)
HPRegen  0.13/turn              (no ring)
MPRegen  0.10/turn              (no ring)

@: hasted, quick
A: large, see invisible, deformed body, poison resistance, slowness 2, slow
metabolism 1, spit poison 1, AC +1
a: Spit Poison


You were on level 3 of the Dungeon.
You were not hungry.

You visited 1 branch of the dungeon, and saw 3 of its levels.

You collected 87 gold pieces.

Inventory:

Hand Weapons
 c - a +1 dagger of venom (weapon)
Missiles
 a - 12 arrows
Armour
 b - a +0 robe (worn)
Scrolls
 h - a scroll of random uselessness {unknown}
 j - 4 scrolls of teleportation {unknown}
 k - a scroll of remove curse {unknown}
 l - a scroll of noise {unknown}
 n - a scroll of magic mapping {unknown}
 o - a scroll of identify {unknown}
Potions
 e - a potion of ambrosia {unknown}
 f - 2 potions of brilliance {unknown}
 g - a potion of might {unknown}
 i - 4 potions of haste
 m - 2 potions of curing {unknown}
 p - a potion of invisibility {unknown}
Comestibles
 d - 4 rations


   Skills:
 + Level 2.2 Fighting
 - Level 1.0 Short Blades
 + Level 2.3 Dodging
 + Level 3.5 Unarmed Combat
 - Level 2.0 Spellcasting
 + Level 2.9 Transmutations


You had 4 spell levels left.
You knew the following spells:

 Your Spells              Type           Power        Failure   Level  Hunger
a - Beastly Appendage     Tmut           ##....       7%          1    #......
b - Sticks to Snakes      Tmut           ##......     11%         2    ###....

Your spell library contained the following spells:

 Spells                   Type           Power        Failure   Level  Hunger
 Spider Form              Tmut/Pois      #.........   36%         3    ###....
 Ice Form                 Ice/Tmut       #.......     77%         4    #####..
 Blade Hands              Tmut           ##........   88%         5    ######.


Dungeon Overview and Level Annotations

Branches:
Dungeon (3/15)

Altars:
Dithmenos
Okawaru
Trog


Innate Abilities, Weirdness & Mutations

You cannot wear boots.
Your serpentine skin is tough. (AC +1)
You have supernaturally acute eyesight. (SInv)
Armour fits poorly on your strangely shaped body.
Your system is resistant to poisons. (rPois)
You cover ground very slowly.
You have a slow metabolism.
You can spit poison.


Message History

The splash of poison hits the gnoll!
The gnoll is severely wounded.
You feel slightly more hungry. The gnoll closely misses you.
The gnoll shouts!
You hear a shout!
The gnoll hits you with a +0 spear.
You hear a shout!
You closely miss the gnoll.
The gnoll is severely wounded.
The gnoll hits you with a +0 spear.
You completely miss the gnoll.
The gnoll is severely wounded.
The gnoll hits you with a +0 spear.
You hit the gnoll.
The gnoll is poisoned.
The gnoll is severely wounded.
The gnoll hits you with a +0 spear.
* * * LOW HITPOINT WARNING * * *
You feel yourself speed up.
You have got your breath back.
The gnoll hits you with a +0 spear!
You die...

#.......# #.###...#
#.#.....# #.#.#..##
#.#.#..# # #.#.#..# #.
#.#.#..#
####..#########.#.#..#
........g.gg@...#.#..#
#####..##########.#..#
..... #.# ###.#. #.#
.g.#. ... #. #.g #.
.g. #.


You could see 3 gnolls.

Vanquished Creatures
  4 adders (D:2)
  A gnoll (D:3)
  2 worms (D:2)
  A dart slug (D:1)
  2 leopard geckos (D:2)
  4 giant cockroaches
  6 goblins
  7 hobgoblins
  6 kobolds
  A ball python (D:1)
  7 bats
  A frilled lizard (D:1)
  9 rats
51 creatures vanquished.

Notes
Turn   | Place    | Note
-------+----------+-------------------------------------------
     0 | D:1      | Bikalo the Naga Transmuter began the quest for the Orb.
     0 | D:1      | Reached XP level 1. HP: 18/18 MP: 3/3
   206 | D:1      | Reached XP level 2. HP: 22/25 MP: 3/5
   705 | D:1      | Reached XP level 3. HP: 31/31 MP: 6/6
  1578 | D:2      | Reached XP level 4. HP: 32/39 MP: 7/7
  1620 | D:2      | Reached skill level 1 in Short Blades
  1675 | D:2      | Found an iron altar of Okawaru.
  1675 | D:2      | Found a bloodstained altar of Trog.
  1676 | D:2      | Found a shadowy altar of Dithmenos.
  2312 | D:2      | Learned a level 2 spell: Sticks to Snakes
  2384 | D:3      | Slain by a gnoll

Levels and vault maps discovered:
D:1:      onia_arrival_pyramid, layout_rooms
D:2:      layout_basic, chequers_temple_overflow_statue_of_worship
D:3:      layout_basic

Skill      XL: |  1  2  3  4 |
---------------+-------------+-----
Dodging        | 2 |  2.3
Short Blades   | 1 |  1.0
Fighting       | 2 |  2.2
Unarmed Combat | |  3.5
Spellcasting   | |  2.0
Transmutations | |  2.9

Action                   |  1- 3 |  4- 6 || total
-------------------------+-------+-------++-------
Melee: Unarmed           |    49 |       ||    49
       Headbutt          |     5 |       ||     5
       Punch             |     2 |     1 ||     3
       Dagger            |    67 |    49 ||   116
 Cast: Beastly Appendage |     8 |       ||     8
 Abil: Spit Poison       |     6 |    10 ||    16
  Use: Scroll            |       |     1 ||     1
       Potion            |       |     1 ||     1
  Eat: Chunk             |     1 |     3 ||     4
Armor: Robe              |    19 |    11 ||    30
Dodge: Dodged            |    72 |    39 ||   111

Table legend:
 A = Non-vault XP
 B = Vault XP
 C = Vault XP percentage of total XP
 D = Non-vault monster count
 E = Vault monster count
 F = Vault count percentage of total count
                 A         B        C        D         E       F
            +---------+---------+-------+---------+---------+-------
      Total |     150 |       0 |   0.0 |      51 |       0 |   0.0
            +---------+---------+-------+---------+---------+-------
        D:1 |      34 |       0 |   0.0 |      22 |       0 |   0.0
        D:2 |     103 |       0 |   0.0 |      28 |       0 |   0.0
        D:3 |      13 |       0 |   0.0 |       1 |       0 |   0.0
            +---------+---------+-------+---------+---------+-------
